[ AOE2 MATCH · #475309129 ]
Team RMBohemians vs Celts
[ REPLAY ANALYSIS · EXTRACTED FROM THE RECORDED GAME ]
Feudal
11:27
Castle
15:04
Imperial
32:40
| APM avg | 21.9 |
| APM peak | 48 |
| eAPM avg | 14.3 |
| Villagers / military | 163 / 83 |
Focus
⚔️ 22.0% · 🌾 78.0%
Spearman ×63 · Trade Cart ×20 · Bombard Cannon ×11 · Hussite Wagon ×8 · Monk ×1
Feudal
11:43
Castle
15:23
Imperial
29:54
| APM avg | 17.5 |
| APM peak | 60 |
| eAPM avg | 13.6 |
| Villagers / military | 109 / 87 |
Focus
⚔️ 29.7% · 🌾 70.3%
Skirmisher ×49 · Woad Raider ×18 · Scout Cavalry ×17 · Battering Ram ×3
Feudal
12:41
Castle
18:00
Imperial
—
| APM avg | 17.8 |
| APM peak | 57 |
| eAPM avg | 9.1 |
| Villagers / military | 87 / 36 |
Focus
⚔️ 18.3% · 🌾 81.7%
Knight ×30 · Flemish Militia ×5 · Monk ×1
Feudal
11:31
Castle
15:12
Imperial
34:19
| APM avg | 36.2 |
| APM peak | 66 |
| eAPM avg | 22.2 |
| Villagers / military | 165 / 45 |
Focus
⚔️ 14.5% · 🌾 85.5%
Longbowman ×36 · Monk ×3 · Mangonel ×3 · Trebuchet (Packed) ×3
Feudal
11:38
Castle
19:05
Imperial
26:41
| APM avg | 20.0 |
| APM peak | 93 |
| eAPM avg | 11.6 |
| Villagers / military | 59 / 78 |
Focus
⚔️ 33.2% · 🌾 66.8%
Hand Cannoneer ×62 · Bombard Cannon ×15 · Monk ×1
Feudal
13:35
Castle
17:52
Imperial
43:26
| APM avg | 23.1 |
| APM peak | 93 |
| eAPM avg | 13.3 |
| Villagers / military | 116 / 22 |
Focus
⚔️ 14.7% · 🌾 85.3%
Ballista Elephant ×20 · Mangonel ×2
Feudal
12:21
Castle
22:39
Imperial
37:14
| APM avg | 19.0 |
| APM peak | 76 |
| eAPM avg | 12.0 |
| Villagers / military | 109 / 95 |
Focus
⚔️ 36.4% · 🌾 63.6%
Archer ×88 · Mangonel ×7
Feudal
11:16
Castle
16:36
Imperial
32:26
| APM avg | 38.9 |
| APM peak | 80 |
| eAPM avg | 22.7 |
| Villagers / military | 119 / 140 |
Focus
⚔️ 15.9% · 🌾 84.1%
Tarkan ×128 · Spearman ×4 · Trebuchet (Packed) ×3 · Mangonel ×2 · Battering Ram ×2 · Monk ×1
Match map
Initial resources + every placement click. Lines = walls · curves = elevation contours. ◆ gold · ⬟ stone · ● berries · ✦ relic · ◌ wall gap
Your base· ✓ Closed at 15:04 · 0t walls · no gate
cbbbbl's base· ✓ Closed at 15:23 · 11t walls · no gate
Ancerly's base· Open — opponent sealed themselves in
FCCCCCCK's base· ✓ Closed at 15:12 · 0t walls · no gate
Jeff's base· Open — opponent sealed themselves in
90_Archer's base· ✓ Closed at 17:52 · 24t walls · 1 gate(s)
杨哥's base· ✓ Closed at 22:39 · 26t walls · no gate
木子李's base· ✓ Closed at 16:36 · 14t walls · 1 gate(s)
Smoothed initial terrain · ◌ = detected wall gap · hover for details
Inputs per minute
— 蔡徐坤 - - cbbbbl
Build order — 蔡徐坤
First 150 of 359 actions detected
| 0:03 | Build | House |
| 0:03 | Build | House |
| 0:06 | Create | Villager (Male) |
| 0:07 | Create | Villager (Male) |
| 0:07 | Create | Villager (Male) |
| 0:07 | Create | Villager (Male) |
| 1:35 | Create | Villager (Male) |
| 1:56 | Build | Lumber Camp |
| 2:37 | Create | Villager (Male) |
| 2:37 | Create | Villager (Male) |
| 3:22 | Create | Villager (Male) |
| 3:33 | Create | Villager (Male) |
| 3:47 | Build | House |
| 3:48 | Build | House |
| 4:00 | Create | Villager (Male) |
| 4:15 | Create | Villager (Male) |
| 4:54 | Build | Mill |
| 5:12 | Build | House |
| 5:19 | Create | Villager (Male) |
| 5:19 | Create | Villager (Male) |
| 6:07 | Create | Villager (Male) |
| 6:39 | Create | Villager (Male) |
| 6:39 | Create | Villager (Male) |
| 7:10 | Create | Villager (Male) |
| 7:19 | Build | Mill |
| 7:53 | Create | Villager (Male) |
| 7:53 | Create | Villager (Male) |
| 7:53 | Create | Villager (Male) |
| 7:53 | Create | Villager (Male) |
| 7:54 | Create | Villager (Male) |
| 9:17 | Research | Feudal Age |
| 9:17 | Research | Feudal Age |
| 10:25 | Create | Villager (Male) |
| 10:25 | Create | Villager (Male) |
| 11:27 | Age | Feudal Age |
| 11:30 | Build | Market |
| 11:35 | Build | Blacksmith |
| 12:24 | Research | Castle Age |
| 12:33 | Research | Double-Bit Axe |
| 13:20 | Build | Mill |
| 14:03 | Create | Villager (Male) |
| 15:04 | Age | Castle Age |
| 15:09 | Build | Town Center |
| 15:12 | Build | House |
| 15:17 | Research | Wheelbarrow |
| 15:38 | Create | Villager (Male) |
| 15:39 | Create | Villager (Male) |
| 15:39 | Create | Villager (Male) |
| 15:55 | Build | Town Center |
| 16:41 | Create | Villager (Male) |
| 16:41 | Create | Villager (Male) |
| 17:09 | Build | Farm |
| 17:14 | Build | Farm |
| 17:19 | Build | Farm |
| 17:22 | Build | Farm |
| 17:27 | Build | Farm |
| 17:29 | Create | Villager (Male) |
| 17:31 | Build | Farm |
| 17:33 | Build | Farm |
| 17:38 | Create | Villager (Male) |
| 17:39 | Create | Villager (Male) |
| 17:39 | Create | Villager (Male) |
| 17:44 | Build | Farm |
| 17:48 | Create | Villager (Male) |
| 17:54 | Build | Farm |
| 18:07 | Build | Farm |
| 18:15 | Create | Villager (Male) |
| 18:19 | Build | Farm |
| 18:25 | Create | Villager (Male) |
| 18:26 | Create | Villager (Male) |
| 18:29 | Build | Farm |
| 18:33 | Build | Farm |
| 18:42 | Build | Farm |
| 18:49 | Create | Villager (Male) |
| 18:54 | Create | Villager (Male) |
| 18:56 | Build | Farm |
| 19:04 | Create | Villager (Male) |
| 19:13 | Build | Farm |
| 19:14 | Build | Farm |
| 19:18 | Build | Farm |
| 19:23 | Create | Villager (Male) |
| 19:23 | Create | Villager (Male) |
| 19:33 | Create | Villager (Male) |
| 19:33 | Create | Villager (Male) |
| 19:35 | Build | House |
| 19:47 | Create | Villager (Male) |
| 19:56 | Build | Farm |
| 19:56 | Build | Farm |
| 19:57 | Build | Farm |
| 20:03 | Build | House |
| 20:04 | Build | House |
| 20:05 | Build | House |
| 20:05 | Build | House |
| 20:08 | Create | Villager (Male) |
| 20:08 | Create | Villager (Male) |
| 20:09 | Create | Villager (Male) |
| 20:17 | Create | Villager (Male) |
| 20:22 | Build | Farm |
| 20:26 | Build | House |
| 20:32 | Create | Villager (Male) |
| 20:38 | Build | Farm |
| 20:45 | Build | Farm |
| 20:48 | Build | Farm |
| 20:49 | Create | Villager (Male) |
| 20:50 | Create | Villager (Male) |
| 20:50 | Create | Villager (Male) |
| 20:53 | Build | Farm |
| 20:54 | Build | Farm |
| 20:59 | Create | Villager (Male) |
| 21:00 | Create | Villager (Male) |
| 21:03 | Build | Farm |
| 21:11 | Create | Villager (Male) |
| 21:12 | Create | Villager (Male) |
| 21:22 | Build | Farm |
| 21:23 | Create | Villager (Male) |
| 21:29 | Create | Villager (Male) |
| 21:43 | Build | Monastery |
| 21:47 | Build | House |
| 21:47 | Build | House |
| 21:48 | Build | House |
| 21:49 | Build | House |
| 21:51 | Create | Villager (Male) |
| 21:51 | Create | Villager (Male) |
| 21:56 | Build | Farm |
| 22:07 | Create | Villager (Male) |
| 22:08 | Research | Horse Collar |
| 22:34 | Research | Bow Saw |
| 22:38 | Create | Villager (Male) |
| 22:38 | Create | Villager (Male) |
| 22:40 | Create | Villager (Male) |
| 22:54 | Build | House |
| 22:55 | Create | Villager (Male) |
| 22:56 | Create | Villager (Male) |
| 22:56 | Create | Villager (Male) |
| 23:14 | Build | Town Center |
| 23:22 | Build | Town Center |
| 23:26 | Create | Villager (Male) |
| 23:31 | Research | Heavy Plow |
| 23:33 | Create | Villager (Male) |
| 23:33 | Create | Villager (Male) |
| 23:47 | Research | Hand Cart |
| 23:49 | Research | Loom |
| 23:49 | Research | Town Watch |
| 23:58 | Build | Farm |
| 24:00 | Build | Farm |
| 24:04 | Build | House |
| 24:05 | Build | House |
| 24:06 | Create | Villager (Male) ×5 |
| 24:12 | Build | Farm |
| 24:36 | Build | Mining Camp |
Build order — cbbbbl
First 150 of 347 actions detected
| 0:01 | Create | Villager (Male) |
| 0:01 | Create | Villager (Male) |
| 0:02 | Create | Villager (Male) |
| 0:02 | Create | Villager (Male) |
| 0:02 | Create | Villager (Male) |
| 0:04 | Build | House |
| 0:05 | Build | House |
| 1:08 | Build | Palisade Wall |
| 1:44 | Create | Villager (Male) |
| 1:47 | Build | Lumber Camp |
| 2:39 | Create | Villager (Male) |
| 2:44 | Create | Villager (Male) |
| 3:14 | Create | Villager (Male) |
| 3:47 | Create | Villager (Male) |
| 4:14 | Build | House |
| 4:25 | Create | Villager (Male) |
| 4:49 | Build | Mill |
| 4:56 | Create | Villager (Male) |
| 4:57 | Create | Villager (Male) |
| 5:11 | Create | Villager (Male) |
| 5:27 | Create | Villager (Male) |
| 6:08 | Create | Villager (Male) |
| 6:08 | Create | Villager (Male) |
| 6:16 | Build | House |
| 6:33 | Create | Villager (Male) |
| 7:26 | Create | Villager (Male) |
| 7:26 | Create | Villager (Male) |
| 7:29 | Build | Farm |
| 7:51 | Create | Villager (Male) |
| 7:53 | Build | Farm |
| 8:19 | Build | Farm |
| 8:39 | Create | Villager (Male) |
| 8:46 | Build | Mining Camp |
| 8:59 | Create | Villager (Male) |
| 9:33 | Research | Feudal Age |
| 11:29 | Build | House |
| 11:32 | Create | Villager (Male) |
| 11:33 | Create | Villager (Male) |
| 11:43 | Age | Feudal Age |
| 11:54 | Build | Market |
| 11:59 | Build | Blacksmith |
| 12:05 | Build | Farm |
| 12:07 | Build | Farm |
| 12:43 | Research | Castle Age |
| 12:49 | Build | Mining Camp |
| 13:20 | Build | Stone Wall |
| 13:31 | Build | Farm |
| 13:34 | Build | Farm |
| 13:44 | Research | Double-Bit Axe |
| 13:57 | Build | House |
| 14:06 | Build | Stone Wall |
| 14:19 | Build | Stone Wall |
| 14:32 | Build | Stone Wall |
| 14:45 | Build | Farm |
| 14:51 | Build | Stone Wall |
| 15:08 | Build | Stone Wall |
| 15:10 | Build | Stone Wall |
| 15:23 | Age | Castle Age |
| 15:27 | Create | Villager (Male) |
| 15:30 | Create | Villager (Male) |
| 15:37 | Build | Town Center |
| 15:55 | Create | Villager (Male) |
| 15:55 | Create | Villager (Male) |
| 15:55 | Create | Villager (Male) |
| 15:56 | Create | Villager (Male) |
| 16:14 | Build | Stone Wall |
| 16:16 | Build | Stone Wall |
| 16:17 | Build | Stone Wall |
| 16:22 | Create | Villager (Male) |
| 16:33 | Build | Town Center |
| 17:23 | Create | Villager (Male) |
| 17:27 | Create | Villager (Male) |
| 17:27 | Create | Villager (Male) |
| 17:40 | Build | Farm |
| 17:45 | Build | Farm |
| 17:57 | Create | Villager (Male) |
| 18:03 | Build | Farm |
| 18:14 | Research | Horse Collar |
| 18:28 | Create | Villager (Male) |
| 18:29 | Create | Villager (Male) |
| 18:40 | Build | Farm |
| 18:45 | Build | Farm |
| 18:47 | Create | Villager (Male) |
| 19:18 | Build | Farm |
| 19:19 | Build | Farm |
| 19:21 | Create | Villager (Male) |
| 19:22 | Create | Villager (Male) |
| 19:23 | Create | Villager (Male) |
| 19:30 | Build | Farm |
| 19:31 | Build | Farm |
| 19:32 | Build | Farm |
| 19:37 | Create | Villager (Male) |
| 19:47 | Build | House |
| 19:48 | Build | House |
| 19:50 | Build | House |
| 20:21 | Create | Villager (Male) |
| 20:21 | Create | Villager (Male) |
| 20:28 | Create | Villager (Male) |
| 20:28 | Create | Villager (Male) |
| 20:32 | Create | Villager (Male) |
| 20:32 | Create | Villager (Male) |
| 20:39 | Build | Farm |
| 20:41 | Build | Farm |
| 20:45 | Build | Farm |
| 20:55 | Create | Villager (Male) |
| 20:56 | Create | Villager (Male) |
| 20:59 | Create | Villager (Male) |
| 21:17 | Create | Villager (Male) |
| 21:28 | Research | Gold Mining |
| 21:35 | Create | Villager (Male) |
| 21:37 | Create | Villager (Male) |
| 21:43 | Build | Farm |
| 21:49 | Build | Farm |
| 21:51 | Create | Villager (Male) |
| 21:52 | Create | Villager (Male) |
| 21:54 | Create | Villager (Male) |
| 21:55 | Create | Villager (Male) |
| 22:08 | Research | Stone Mining |
| 22:34 | Build | House |
| 22:38 | Build | House |
| 22:40 | Build | Mining Camp |
| 22:55 | Build | Castle |
| 23:13 | Create | Villager (Male) |
| 23:13 | Create | Villager (Male) |
| 23:14 | Create | Villager (Male) |
| 23:14 | Create | Villager (Male) |
| 23:15 | Create | Villager (Male) |
| 23:15 | Create | Villager (Male) |
| 23:23 | Build | House |
| 23:24 | Build | House |
| 23:25 | Build | House |
| 23:25 | Build | House |
| 23:26 | Build | House |
| 23:29 | Build | House |
| 23:29 | Build | House |
| 23:29 | Build | House |
| 23:31 | Build | House |
| 23:40 | Research | Bow Saw |
| 23:43 | Research | Heavy Plow |
| 23:47 | Research | Wheelbarrow |
| 23:51 | Create | Villager (Male) |
| 23:51 | Create | Villager (Male) |
| 24:00 | Research | Gold Shaft Mining |
| 24:25 | Build | Gate |
| 24:29 | Build | Stone Wall |
| 24:34 | Build | Stone Wall |
| 24:41 | Build | Farm |
| 24:50 | Build | Mining Camp |
| 24:52 | Create | Villager (Male) |
| 24:52 | Create | Villager (Male) |
Build order — Ancerly
First 150 of 233 actions detected
| 0:14 | Build | House |
| 0:18 | Create | Villager (Male) |
| 0:18 | Create | Villager (Male) |
| 0:19 | Create | Villager (Male) |
| 1:07 | Build | House |
| 1:09 | Build | House |
| 1:10 | Build | House |
| 1:20 | Create | Villager (Male) |
| 1:38 | Create | Villager (Male) |
| 2:34 | Create | Villager (Male) |
| 2:34 | Create | Villager (Male) |
| 3:02 | Create | Villager (Male) |
| 3:02 | Create | Villager (Male) |
| 3:33 | Create | Villager (Male) |
| 3:33 | Create | Villager (Male) |
| 4:06 | Create | Villager (Male) |
| 4:06 | Create | Villager (Male) |
| 4:38 | Create | Villager (Male) |
| 4:47 | Build | Mill |
| 5:13 | Create | Villager (Male) |
| 5:40 | Create | Villager (Male) |
| 5:40 | Create | Villager (Male) |
| 6:24 | Build | Lumber Camp |
| 6:42 | Create | Villager (Male) |
| 6:42 | Create | Villager (Male) |
| 6:42 | Create | Villager (Male) |
| 7:29 | Build | Mill |
| 8:03 | Create | Villager (Male) |
| 8:49 | Research | Double-Bit Axe |
| 10:31 | Research | Feudal Age |
| 11:03 | Research | Double-Bit Axe |
| 12:41 | Age | Feudal Age |
| 12:59 | Build | Stone Wall |
| 13:02 | Build | Gate |
| 14:08 | Build | Market |
| 14:23 | Build | Blacksmith |
| 15:20 | Research | Castle Age |
| 15:31 | Build | House |
| 15:33 | Build | House |
| 15:44 | Build | Mining Camp |
| 16:15 | Build | House |
| 16:21 | Create | Villager (Male) |
| 16:21 | Create | Villager (Male) |
| 17:35 | Build | House |
| 18:00 | Age | Castle Age |
| 18:05 | Create | Villager (Male) |
| 18:05 | Create | Villager (Male) |
| 18:06 | Create | Villager (Male) |
| 18:06 | Create | Villager (Male) |
| 18:09 | Research | Bow Saw |
| 18:15 | Build | House |
| 18:46 | Build | House |
| 18:47 | Build | House |
| 18:49 | Build | House |
| 18:56 | Create | Villager (Male) |
| 18:56 | Create | Villager (Male) |
| 19:47 | Research | Stone Mining |
| 19:58 | Research | Two-Man Saw |
| 21:15 | Create | Villager (Male) |
| 21:15 | Create | Villager (Male) |
| 21:28 | Build | Town Center |
| 22:12 | Build | Town Center |
| 23:00 | Build | Mining Camp |
| 23:18 | Build | Monastery |
| 23:23 | Create | Villager (Male) |
| 23:24 | Create | Villager (Male) |
| 23:24 | Create | Villager (Male) |
| 24:01 | Build | Farm |
| 24:18 | Build | Farm |
| 24:20 | Build | Farm |
| 24:25 | Create | Monk |
| 25:14 | Build | Castle |
| 25:25 | Create | Villager (Male) |
| 26:09 | Build | Farm |
| 26:10 | Create | Villager (Male) |
| 26:18 | Build | Farm |
| 26:26 | Build | Farm |
| 26:35 | Build | Farm |
| 26:38 | Build | Farm |
| 26:41 | Build | Farm |
| 26:44 | Build | Farm |
| 26:46 | Research | Horse Collar |
| 27:15 | Create | Villager (Male) |
| 27:17 | Build | Farm |
| 27:36 | Build | Barracks |
| 27:49 | Build | Farm |
| 27:53 | Create | Villager (Male) |
| 27:53 | Create | Villager (Male) |
| 27:53 | Create | Villager (Male) |
| 28:14 | Create | Villager (Male) |
| 28:20 | Create | Flemish Militia |
| 28:20 | Create | Flemish Militia |
| 28:27 | Build | Stable |
| 28:28 | Build | Stable |
| 28:31 | Build | Stable |
| 28:33 | Build | Stable |
| 28:49 | Create | Flemish Militia |
| 28:49 | Create | Flemish Militia |
| 28:56 | Create | Flemish Militia |
| 29:32 | Create | Villager (Male) |
| 29:32 | Create | Villager (Male) |
| 29:32 | Create | Villager (Male) |
| 29:35 | Build | Farm |
| 29:36 | Create | Villager (Male) |
| 29:38 | Create | Villager (Male) |
| 30:00 | Create | Villager (Male) |
| 30:18 | Build | Farm |
| 30:23 | Build | Farm |
| 30:26 | Create | Villager (Male) |
| 30:26 | Create | Villager (Male) |
| 30:26 | Create | Villager (Male) |
| 30:28 | Build | Farm |
| 30:31 | Build | Farm |
| 31:02 | Build | Watch Tower |
| 31:03 | Build | Watch Tower |
| 31:05 | Build | Watch Tower |
| 31:27 | Build | Farm |
| 31:32 | Research | Cavalier (upgrade) |
| 31:33 | Research | Husbandry |
| 31:37 | Create | Knight |
| 31:37 | Create | Knight |
| 31:46 | Build | Farm |
| 31:49 | Build | Farm |
| 31:51 | Create | Villager (Male) |
| 31:51 | Create | Villager (Male) |
| 32:03 | Research | Gold Mining |
| 32:21 | Research | Heavy Plow |
| 32:25 | Create | Villager (Male) |
| 32:32 | Build | Farm |
| 32:36 | Create | Villager (Male) |
| 32:36 | Create | Villager (Male) |
| 32:43 | Build | Farm |
| 33:20 | Research | Forging |
| 33:25 | Build | Farm |
| 33:31 | Build | Farm |
| 33:33 | Create | Villager (Male) |
| 33:35 | Create | Villager (Male) |
| 33:35 | Create | Villager (Male) |
| 33:38 | Create | Villager (Male) |
| 33:38 | Create | Villager (Male) |
| 33:50 | Build | Mining Camp |
| 33:56 | Create | Villager (Male) |
| 33:56 | Create | Villager (Male) |
| 33:57 | Create | Villager (Male) |
| 34:04 | Build | Farm |
| 34:07 | Build | Farm |
| 34:16 | Research | Crop Rotation |
| 34:46 | Build | House |
| 34:46 | Build | House |
| 34:47 | Build | House |
Build order — FCCCCCCK
First 150 of 386 actions detected
| 0:02 | Create | Villager (Male) |
| 0:02 | Create | Villager (Male) |
| 0:03 | Build | House |
| 0:05 | Build | House |
| 0:08 | Create | Villager (Male) |
| 0:13 | Create | Villager (Male) |
| 0:13 | Create | Villager (Male) |
| 1:20 | Create | Villager (Male) |
| 1:52 | Build | Lumber Camp |
| 1:52 | Create | Villager (Male) |
| 2:15 | Create | Villager (Male) |
| 2:34 | Create | Villager (Male) |
| 2:49 | Create | Villager (Male) |
| 3:15 | Create | Villager (Male) |
| 3:27 | Create | Villager (Male) |
| 3:55 | Create | Villager (Male) |
| 4:14 | Create | Villager (Male) |
| 4:26 | Build | House |
| 4:39 | Research | Loom |
| 4:58 | Build | Mill |
| 4:59 | Create | Villager (Male) |
| 4:59 | Create | Villager (Male) |
| 5:02 | Create | Villager (Male) |
| 6:19 | Create | Villager (Male) |
| 6:21 | Create | Villager (Male) |
| 6:30 | Build | House |
| 6:34 | Create | Villager (Male) |
| 6:42 | Create | Villager (Male) |
| 6:59 | Create | Villager (Male) |
| 7:24 | Build | Mill |
| 7:37 | Create | Villager (Male) |
| 8:49 | Create | Villager (Male) |
| 8:52 | Build | Mining Camp |
| 9:21 | Research | Feudal Age |
| 10:48 | Build | Farm |
| 10:50 | Build | Farm |
| 11:13 | Build | Farm |
| 11:26 | Create | Villager (Male) |
| 11:31 | Age | Feudal Age |
| 11:32 | Build | Market |
| 11:34 | Build | Blacksmith |
| 11:35 | Create | Villager (Male) |
| 11:37 | Build | House |
| 11:49 | Create | Villager (Male) |
| 12:32 | Research | Castle Age |
| 13:51 | Research | Double-Bit Axe |
| 13:53 | Research | Horse Collar |
| 13:53 | Research | Horse Collar |
| 15:12 | Age | Castle Age |
| 15:13 | Create | Villager (Male) |
| 15:17 | Build | Town Center |
| 15:23 | Build | Monastery |
| 15:24 | Create | Villager (Male) |
| 15:27 | Build | Town Center |
| 15:31 | Create | Villager (Male) |
| 15:56 | Research | Bow Saw |
| 15:57 | Create | Villager (Male) |
| 16:05 | Build | House |
| 16:20 | Create | Villager (Male) |
| 16:25 | Create | Villager (Male) |
| 16:31 | Build | Farm |
| 16:41 | Create | Villager (Male) |
| 16:44 | Create | Monk |
| 16:53 | Build | Farm |
| 16:57 | Build | Farm |
| 16:59 | Create | Villager (Male) |
| 17:06 | Build | Farm |
| 17:09 | Build | Farm |
| 17:38 | Create | Villager (Male) |
| 17:38 | Create | Villager (Male) |
| 17:46 | Create | Monk |
| 17:53 | Build | Farm |
| 18:00 | Build | Farm |
| 18:08 | Create | Villager (Male) |
| 18:08 | Create | Villager (Male) |
| 18:10 | Build | Farm |
| 18:12 | Build | Farm |
| 18:17 | Build | Farm |
| 18:21 | Build | Farm |
| 18:32 | Build | Farm |
| 18:45 | Build | Farm |
| 18:47 | Create | Villager (Male) |
| 18:47 | Create | Villager (Male) |
| 18:58 | Research | Wheelbarrow |
| 19:06 | Build | Mining Camp |
| 19:18 | Create | Monk |
| 19:21 | Build | Farm |
| 19:40 | Create | Villager (Male) |
| 19:41 | Create | Villager (Male) |
| 19:53 | Create | Villager (Male) |
| 20:09 | Build | House |
| 20:21 | Create | Villager (Male) |
| 20:31 | Build | Siege Workshop |
| 20:39 | Create | Villager (Male) |
| 20:52 | Create | Villager (Male) |
| 20:59 | Create | Villager (Male) |
| 21:00 | Create | Villager (Male) |
| 21:09 | Build | House |
| 21:15 | Create | Villager (Male) |
| 21:19 | Build | House |
| 21:26 | Create | Mangonel |
| 21:28 | Build | House |
| 21:46 | Create | Villager (Male) |
| 21:50 | Build | Mining Camp |
| 21:51 | Create | Villager (Male) |
| 22:01 | Create | Villager (Male) |
| 22:06 | Build | House |
| 22:29 | Create | Villager (Male) |
| 22:36 | Create | Villager (Male) |
| 22:38 | Create | Villager (Male) |
| 22:42 | Build | Barracks |
| 22:49 | Create | Villager (Male) |
| 22:51 | Create | Mangonel |
| 23:00 | Create | Villager (Male) |
| 23:12 | Build | Gate |
| 23:13 | Create | Villager (Male) |
| 23:14 | Create | Villager (Male) |
| 23:20 | Create | Villager (Male) |
| 23:28 | Build | House |
| 23:39 | Build | Lumber Camp |
| 23:58 | Build | House |
| 24:13 | Create | Mangonel |
| 25:18 | Build | Mining Camp |
| 25:22 | Build | House |
| 25:25 | Build | Mining Camp |
| 25:27 | Create | Villager (Male) |
| 25:28 | Create | Villager (Male) |
| 25:28 | Create | Villager (Male) |
| 25:29 | Create | Villager (Male) |
| 25:31 | Build | Farm |
| 25:31 | Build | Farm |
| 25:32 | Build | Farm |
| 25:35 | Build | Farm |
| 25:48 | Research | Heavy Plow |
| 25:50 | Build | Farm |
| 25:53 | Build | House |
| 25:55 | Create | Villager (Male) |
| 25:56 | Create | Villager (Male) |
| 25:58 | Create | Villager (Male) |
| 26:06 | Create | Villager (Male) |
| 26:09 | Build | Farm |
| 26:25 | Build | House |
| 26:28 | Research | Gold Mining |
| 26:32 | Research | Stone Mining |
| 26:34 | Research | Town Watch |
| 26:53 | Create | Villager (Male) |
| 26:56 | Build | Farm |
| 26:58 | Build | Farm |
| 27:01 | Research | Gold Shaft Mining |
| 27:02 | Create | Villager (Male) |
Build order — Jeff
First 150 of 222 actions detected
| 0:03 | Create | Villager (Male) |
| 0:03 | Create | Villager (Male) |
| 0:04 | Create | Villager (Male) |
| 0:04 | Create | Villager (Male) |
| 0:10 | Build | House |
| 0:15 | Build | House |
| 0:20 | Build | House |
| 1:50 | Create | Villager (Male) |
| 1:50 | Create | Villager (Male) |
| 2:29 | Build | Palisade Wall |
| 2:34 | Create | Villager (Male) |
| 2:34 | Create | Villager (Male) |
| 2:45 | Build | Palisade Wall |
| 3:07 | Build | Palisade Wall |
| 3:11 | Create | Villager (Male) |
| 3:11 | Create | Villager (Male) |
| 3:11 | Create | Villager (Male) |
| 3:39 | Build | Mill |
| 3:59 | Create | Villager (Male) |
| 3:59 | Create | Villager (Male) |
| 4:28 | Create | Villager (Male) |
| 4:53 | Build | Palisade Wall |
| 5:09 | Create | Villager (Male) |
| 6:05 | Create | Villager (Male) |
| 6:05 | Create | Villager (Male) |
| 6:47 | Create | Villager (Male) |
| 6:57 | Build | House |
| 7:07 | Create | Villager (Male) |
| 7:39 | Create | Villager (Male) |
| 7:51 | Build | Lumber Camp |
| 8:00 | Create | Villager (Male) |
| 8:00 | Create | Villager (Male) |
| 8:47 | Create | Villager (Male) |
| 9:28 | Research | Feudal Age |
| 9:48 | Create | Villager (Male) |
| 9:48 | Create | Villager (Male) |
| 9:55 | Build | House |
| 11:16 | Build | Mill |
| 11:38 | Age | Feudal Age |
| 11:41 | Create | Villager (Male) |
| 11:44 | Research | Double-Bit Axe |
| 11:53 | Build | Mill |
| 11:55 | Create | Villager (Male) |
| 12:04 | Build | Lumber Camp |
| 12:35 | Create | Villager (Male) |
| 12:57 | Build | Farm |
| 12:58 | Build | Farm |
| 13:11 | Create | Villager (Male) |
| 13:21 | Create | Villager (Male) |
| 13:28 | Build | House |
| 13:48 | Build | Farm |
| 14:03 | Build | Market |
| 14:16 | Build | Farm |
| 14:18 | Create | Villager (Male) |
| 14:18 | Create | Villager (Male) |
| 14:40 | Create | Villager (Male) |
| 15:21 | Create | Villager (Male) |
| 15:30 | Build | Blacksmith |
| 15:37 | Create | Villager (Male) |
| 16:04 | Build | Mining Camp |
| 16:14 | Build | Stone Wall |
| 16:25 | Research | Castle Age |
| 16:43 | Build | Mining Camp |
| 16:50 | Build | House |
| 17:08 | Build | Stone Wall |
| 17:22 | Build | Gate |
| 17:27 | Build | Stone Wall |
| 17:31 | Build | Stone Wall |
| 17:40 | Build | House |
| 17:47 | Research | Horse Collar |
| 18:24 | Build | Farm |
| 18:28 | Create | Villager (Male) |
| 18:28 | Create | Villager (Male) |
| 19:05 | Age | Castle Age |
| 19:15 | Build | Farm |
| 19:16 | Build | Farm |
| 19:17 | Build | Farm |
| 19:27 | Build | Farm |
| 19:43 | Create | Villager (Male) |
| 19:51 | Build | Farm |
| 20:02 | Create | Villager (Male) |
| 20:24 | Build | Siege Workshop |
| 20:29 | Build | Farm |
| 20:33 | Create | Villager (Male) |
| 20:41 | Build | Farm |
| 21:04 | Build | Farm |
| 21:05 | Create | Villager (Male) |
| 21:16 | Build | Farm |
| 21:24 | Build | Monastery |
| 21:32 | Create | Villager (Male) |
| 21:38 | Build | Farm |
| 21:39 | Build | Farm |
| 21:50 | Create | Villager (Male) |
| 22:13 | Create | Villager (Male) |
| 22:19 | Build | Barracks |
| 22:49 | Create | Villager (Male) |
| 23:29 | Build | Archery Range |
| 23:31 | Research | Imperial Age |
| 23:44 | Build | House |
| 23:45 | Build | House |
| 24:00 | Create | Monk |
| 24:15 | Research | Gold Mining |
| 24:37 | Build | Archery Range |
| 24:55 | Build | House |
| 25:09 | Research | Padded Archer Armor |
| 25:26 | Build | House |
| 25:37 | Build | Mining Camp |
| 25:44 | Create | Villager (Male) |
| 25:44 | Create | Villager (Male) |
| 25:55 | Research | Bow Saw |
| 26:02 | Build | House |
| 26:32 | Build | House |
| 26:33 | Build | House |
| 26:41 | Age | Imperial Age |
| 26:43 | Create | Hand Cannoneer |
| 26:43 | Create | Hand Cannoneer |
| 26:44 | Create | Hand Cannoneer |
| 26:45 | Create | Hand Cannoneer |
| 26:45 | Create | Hand Cannoneer |
| 26:46 | Create | Hand Cannoneer |
| 26:48 | Create | Bombard Cannon |
| 26:48 | Create | Bombard Cannon |
| 26:48 | Create | Bombard Cannon |
| 26:52 | Research | Wheelbarrow |
| 27:13 | Build | Town Center |
| 27:50 | Create | Hand Cannoneer |
| 27:50 | Create | Hand Cannoneer |
| 27:52 | Create | Hand Cannoneer |
| 27:52 | Create | Hand Cannoneer |
| 28:00 | Research | Leather Archer Armor |
| 28:10 | Create | Villager (Male) |
| 29:00 | Create | Hand Cannoneer |
| 29:02 | Create | Hand Cannoneer |
| 29:06 | Build | Farm |
| 29:08 | Create | Villager (Male) |
| 29:08 | Create | Villager (Male) |
| 29:14 | Create | Hand Cannoneer |
| 29:16 | Create | Hand Cannoneer |
| 30:02 | Create | Bombard Cannon |
| 30:02 | Create | Bombard Cannon |
| 30:50 | Create | Hand Cannoneer |
| 30:50 | Create | Hand Cannoneer |
| 30:51 | Create | Hand Cannoneer |
| 30:52 | Create | Hand Cannoneer |
| 30:53 | Create | Hand Cannoneer |
| 30:53 | Create | Hand Cannoneer |
| 30:56 | Create | Bombard Cannon |
| 31:06 | Build | Farm |
| 31:08 | Research | Hand Cart |
| 31:11 | Create | Hand Cannoneer |
Build order — 90_Archer
First 150 of 258 actions detected
| 0:22 | Build | House |
| 0:24 | Build | House |
| 0:33 | Create | Villager (Male) |
| 0:34 | Create | Villager (Male) |
| 0:34 | Create | Villager (Male) |
| 1:19 | Build | Palisade Wall |
| 1:27 | Create | Villager (Male) |
| 2:18 | Research | Loom |
| 2:46 | Build | Palisade Wall |
| 2:56 | Build | Palisade Wall |
| 4:09 | Create | Villager (Male) |
| 4:09 | Create | Villager (Male) |
| 4:10 | Create | Villager (Male) |
| 4:10 | Create | Villager (Male) |
| 4:29 | Create | Villager (Male) |
| 4:37 | Build | House |
| 4:51 | Build | Lumber Camp |
| 4:53 | Create | Villager (Male) |
| 5:18 | Create | Villager (Male) |
| 6:27 | Create | Villager (Male) |
| 6:34 | Build | House |
| 7:00 | Create | Villager (Male) |
| 7:29 | Build | Mill |
| 8:19 | Create | Villager (Male) |
| 8:19 | Create | Villager (Male) |
| 8:19 | Create | Villager (Male) |
| 8:44 | Build | House |
| 9:12 | Create | Villager (Male) |
| 9:12 | Create | Villager (Male) |
| 9:33 | Build | Mill |
| 9:43 | Build | House |
| 10:16 | Create | Villager (Male) |
| 10:27 | Build | Mining Camp |
| 11:00 | Build | House |
| 11:20 | Build | Mill |
| 11:25 | Research | Feudal Age |
| 12:12 | Build | Mining Camp |
| 13:25 | Create | Villager (Male) |
| 13:25 | Create | Villager (Male) |
| 13:35 | Age | Feudal Age |
| 13:43 | Build | Stone Wall |
| 13:49 | Build | Stone Wall |
| 14:14 | Build | Mining Camp |
| 15:01 | Build | Blacksmith |
| 15:12 | Research | Castle Age |
| 15:58 | Build | Gate |
| 16:06 | Build | Stone Wall |
| 17:08 | Build | House |
| 17:22 | Build | Lumber Camp |
| 17:50 | Create | Villager (Male) |
| 17:50 | Create | Villager (Male) |
| 17:52 | Age | Castle Age |
| 18:00 | Research | Double-Bit Axe |
| 18:05 | Research | Stone Mining |
| 18:28 | Build | Town Center |
| 19:02 | Create | Villager (Male) |
| 19:03 | Create | Villager (Male) |
| 19:15 | Research | Horse Collar |
| 19:45 | Build | Town Center |
| 20:19 | Create | Villager (Male) |
| 20:19 | Create | Villager (Male) |
| 20:20 | Create | Villager (Male) |
| 20:27 | Build | Farm |
| 20:30 | Build | Farm |
| 20:52 | Build | Farm |
| 21:09 | Build | Siege Workshop |
| 21:33 | Build | Mining Camp |
| 21:35 | Research | Horse Collar |
| 21:38 | Create | Villager (Male) |
| 21:38 | Create | Villager (Male) |
| 21:38 | Create | Villager (Male) |
| 21:39 | Create | Villager (Male) |
| 21:48 | Build | Farm |
| 21:50 | Build | Farm |
| 22:00 | Create | Villager (Male) |
| 22:00 | Create | Villager (Male) |
| 22:00 | Create | Villager (Male) |
| 22:06 | Build | Farm |
| 22:14 | Build | Farm |
| 22:38 | Create | Mangonel |
| 23:17 | Build | Stone Wall |
| 23:24 | Research | Gold Mining |
| 23:41 | Build | House |
| 23:42 | Build | House |
| 23:43 | Build | House |
| 23:45 | Build | House |
| 23:51 | Create | Villager (Male) |
| 23:51 | Create | Villager (Male) |
| 23:51 | Create | Villager (Male) |
| 24:17 | Create | Villager (Male) |
| 24:17 | Create | Villager (Male) |
| 24:27 | Build | Farm |
| 24:36 | Create | Villager (Male) |
| 25:10 | Build | House |
| 25:13 | Build | House |
| 25:15 | Build | House |
| 25:16 | Build | House |
| 25:18 | Create | Villager (Male) |
| 25:18 | Create | Villager (Male) |
| 25:19 | Create | Villager (Male) |
| 25:30 | Build | Farm |
| 25:31 | Build | Farm |
| 25:33 | Build | Farm |
| 25:34 | Build | Farm |
| 25:44 | Create | Villager (Male) |
| 26:11 | Build | Farm |
| 26:13 | Build | Farm |
| 26:23 | Create | Villager (Male) |
| 26:23 | Create | Villager (Male) |
| 26:24 | Create | Villager (Male) |
| 26:33 | Build | Town Center |
| 27:44 | Create | Mangonel |
| 27:58 | Create | Villager (Male) |
| 27:58 | Create | Villager (Male) |
| 27:58 | Create | Villager (Male) |
| 27:58 | Create | Villager (Male) |
| 27:59 | Create | Villager (Male) |
| 28:10 | Build | Farm |
| 28:16 | Build | Farm |
| 28:20 | Create | Villager (Male) |
| 28:20 | Create | Villager (Male) |
| 30:27 | Build | Stone Wall |
| 30:34 | Create | Villager (Male) |
| 30:35 | Create | Villager (Male) |
| 30:35 | Create | Villager (Male) |
| 30:35 | Create | Villager (Male) |
| 30:35 | Create | Villager (Male) |
| 30:38 | Research | Wheelbarrow |
| 30:52 | Research | Gold Mining |
| 30:57 | Build | Farm |
| 31:01 | Build | Farm |
| 31:03 | Build | Farm |
| 31:07 | Build | Farm |
| 31:13 | Build | Farm |
| 31:18 | Build | Farm |
| 31:20 | Create | Villager (Male) |
| 31:21 | Create | Villager (Male) |
| 31:21 | Create | Villager (Male) |
| 31:21 | Create | Villager (Male) |
| 31:21 | Create | Villager (Male) |
| 31:34 | Build | House |
| 31:37 | Build | House |
| 31:40 | Build | House |
| 31:48 | Create | Villager (Male) |
| 31:49 | Create | Villager (Male) |
| 31:49 | Create | Villager (Male) |
| 31:49 | Create | Villager (Male) |
| 31:53 | Build | Farm |
| 32:05 | Build | Mining Camp |
| 32:10 | Research | Town Watch |
Build order — 杨哥
First 150 of 325 actions detected
| 0:06 | Build | House |
| 0:07 | Build | House |
| 0:10 | Create | Villager (Male) |
| 0:11 | Create | Villager (Male) |
| 0:11 | Create | Villager (Male) |
| 0:11 | Create | Villager (Male) |
| 0:11 | Create | Villager (Male) |
| 1:41 | Create | Villager (Male) |
| 1:41 | Create | Villager (Male) |
| 2:15 | Create | Villager (Male) |
| 2:15 | Create | Villager (Male) |
| 2:50 | Create | Villager (Male) |
| 2:50 | Create | Villager (Male) |
| 3:26 | Create | Villager (Male) |
| 3:26 | Create | Villager (Male) |
| 3:34 | Build | Palisade Wall |
| 3:49 | Build | House |
| 3:53 | Build | House |
| 3:56 | Create | Villager (Male) |
| 3:57 | Create | Villager (Male) |
| 3:57 | Create | Villager (Male) |
| 4:45 | Create | Villager (Male) |
| 5:01 | Build | Mill |
| 5:13 | Create | Villager (Male) |
| 5:14 | Create | Villager (Male) |
| 5:14 | Create | Villager (Male) |
| 5:39 | Create | Villager (Male) |
| 6:01 | Create | Villager (Male) |
| 6:11 | Create | Villager (Male) |
| 6:11 | Create | Villager (Male) |
| 7:17 | Build | Palisade Wall |
| 7:41 | Create | Villager (Male) |
| 7:42 | Create | Villager (Male) |
| 7:42 | Create | Villager (Male) |
| 7:56 | Create | Villager (Male) |
| 8:33 | Build | Mining Camp |
| 8:43 | Create | Villager (Male) |
| 8:52 | Create | Villager (Male) |
| 9:41 | Create | Villager (Male) |
| 9:51 | Create | Villager (Male) |
| 10:09 | Research | Feudal Age |
| 10:33 | Create | Villager (Male) |
| 10:40 | Build | House |
| 10:41 | Build | House |
| 11:17 | Build | Lumber Camp |
| 11:43 | Create | Villager (Male) |
| 12:21 | Age | Feudal Age |
| 12:22 | Research | Double-Bit Axe |
| 12:22 | Research | Double-Bit Axe |
| 12:34 | Research | Horse Collar |
| 12:35 | Research | Horse Collar |
| 12:56 | Create | Villager (Male) |
| 13:08 | Build | Farm |
| 13:23 | Build | Farm |
| 13:33 | Build | Farm |
| 13:45 | Build | Farm |
| 14:00 | Build | Farm |
| 14:22 | Build | Farm |
| 14:27 | Create | Villager (Male) |
| 14:28 | Create | Villager (Male) |
| 14:35 | Build | Farm |
| 14:38 | Build | Farm |
| 14:56 | Build | Farm |
| 15:03 | Build | Farm |
| 15:07 | Create | Villager (Male) |
| 15:08 | Create | Villager (Male) |
| 15:24 | Build | Farm |
| 15:45 | Build | Mining Camp |
| 15:48 | Build | Farm |
| 16:05 | Create | Villager (Male) |
| 16:09 | Build | Farm |
| 16:27 | Create | Villager (Male) |
| 16:35 | Build | Farm |
| 16:47 | Create | Villager (Male) |
| 17:00 | Build | Farm |
| 17:21 | Build | Market |
| 17:26 | Build | Farm |
| 17:28 | Create | Villager (Male) |
| 17:37 | Build | House |
| 17:39 | Build | House |
| 17:40 | Build | House |
| 17:44 | Create | Villager (Male) |
| 17:58 | Build | Farm |
| 18:01 | Create | Villager (Male) |
| 18:05 | Create | Villager (Male) |
| 19:02 | Build | Blacksmith |
| 19:09 | Create | Villager (Male) |
| 19:10 | Create | Villager (Male) |
| 19:44 | Research | Castle Age |
| 19:54 | Create | Villager (Male) |
| 19:54 | Create | Villager (Male) |
| 19:54 | Create | Villager (Male) |
| 21:37 | Build | Barracks |
| 21:48 | Research | Fletching |
| 21:48 | Research | Padded Archer Armor |
| 22:01 | Create | Villager (Male) |
| 22:24 | Build | Archery Range |
| 22:31 | Build | Archery Range |
| 22:37 | Create | Villager (Male) |
| 22:39 | Age | Castle Age |
| 22:45 | Build | Town Center |
| 23:08 | Build | Town Center |
| 23:18 | Research | Crossbowman (upgrade) |
| 23:19 | Create | Archer |
| 23:20 | Create | Archer |
| 23:20 | Create | Archer |
| 23:20 | Create | Archer |
| 23:28 | Research | Bow Saw |
| 23:36 | Create | Villager (Male) |
| 24:00 | Research | Heavy Plow |
| 24:00 | Research | Heavy Plow |
| 24:05 | Create | Villager (Male) |
| 24:23 | Create | Archer |
| 24:23 | Create | Archer |
| 24:24 | Create | Archer |
| 24:57 | Create | Archer |
| 25:03 | Create | Villager (Male) |
| 25:03 | Create | Villager (Male) |
| 25:23 | Build | House |
| 25:24 | Build | House |
| 25:26 | Build | House |
| 25:27 | Build | House |
| 25:28 | Build | House |
| 25:29 | Build | House |
| 25:29 | Build | House |
| 25:30 | Build | House |
| 25:32 | Build | House |
| 25:56 | Research | Stone Mining |
| 25:57 | Research | Gold Mining |
| 25:57 | Research | Gold Mining |
| 26:06 | Research | Bodkin Arrow |
| 26:10 | Create | Villager (Male) |
| 26:10 | Create | Villager (Male) |
| 26:10 | Create | Villager (Male) |
| 26:16 | Create | Villager (Male) |
| 26:16 | Create | Villager (Male) |
| 26:20 | Create | Villager (Male) |
| 26:20 | Create | Villager (Male) |
| 26:33 | Build | Castle |
| 26:49 | Research | Gold Shaft Mining |
| 26:50 | Research | Gold Shaft Mining |
| 26:50 | Research | Stone Shaft Mining |
| 27:02 | Create | Villager (Male) |
| 27:02 | Create | Villager (Male) |
| 27:02 | Create | Villager (Male) |
| 27:03 | Create | Villager (Male) |
| 27:07 | Create | Archer |
| 27:08 | Create | Archer |
| 27:21 | Create | Villager (Male) |
| 27:29 | Research | Leather Archer Armor |
Build order — 木子李
First 150 of 267 actions detected
| 0:10 | Create | Villager (Male) |
| 0:10 | Create | Villager (Male) |
| 0:10 | Create | Villager (Male) |
| 0:11 | Create | Villager (Male) |
| 0:11 | Create | Villager (Male) |
| 1:46 | Create | Villager (Male) |
| 1:46 | Create | Villager (Male) |
| 2:22 | Create | Villager (Male) |
| 2:22 | Create | Villager (Male) |
| 2:26 | Research | Loom |
| 2:48 | Create | Villager (Male) |
| 2:49 | Create | Villager (Male) |
| 3:34 | Create | Villager (Male) |
| 3:34 | Create | Villager (Male) |
| 3:34 | Create | Villager (Male) |
| 3:34 | Create | Villager (Male) |
| 4:09 | Create | Villager (Male) |
| 4:09 | Create | Villager (Male) |
| 4:10 | Create | Villager (Male) |
| 4:10 | Create | Villager (Male) |
| 4:19 | Build | Mill |
| 4:40 | Create | Villager (Male) |
| 4:40 | Create | Villager (Male) |
| 5:35 | Create | Villager (Male) |
| 5:35 | Create | Villager (Male) |
| 5:35 | Create | Villager (Male) |
| 5:35 | Create | Villager (Male) |
| 7:01 | Build | Lumber Camp |
| 7:26 | Create | Villager (Male) |
| 7:29 | Create | Villager (Male) |
| 7:34 | Create | Villager (Male) |
| 7:34 | Create | Villager (Male) |
| 8:42 | Research | Feudal Age |
| 8:48 | Build | Mining Camp |
| 11:16 | Age | Feudal Age |
| 11:23 | Build | Market |
| 11:29 | Create | Villager (Male) |
| 11:29 | Create | Villager (Male) |
| 11:29 | Create | Villager (Male) |
| 11:29 | Create | Villager (Male) |
| 12:48 | Build | Blacksmith |
| 13:56 | Research | Castle Age |
| 13:57 | Research | Castle Age |
| 14:31 | Build | Stone Wall |
| 14:35 | Build | Gate |
| 15:01 | Build | Mill |
| 15:12 | Build | Lumber Camp |
| 16:36 | Age | Castle Age |
| 16:43 | Build | Town Center |
| 16:54 | Build | Town Center |
| 17:00 | Create | Villager (Male) |
| 17:00 | Create | Villager (Male) |
| 17:00 | Create | Villager (Male) |
| 17:00 | Create | Villager (Male) |
| 17:01 | Create | Villager (Male) |
| 17:01 | Create | Villager (Male) |
| 18:00 | Create | Villager (Male) |
| 18:00 | Create | Villager (Male) |
| 18:00 | Create | Villager (Male) |
| 18:16 | Build | Siege Workshop |
| 18:37 | Create | Villager (Male) |
| 18:45 | Build | Farm |
| 18:55 | Build | Farm |
| 18:58 | Build | Farm |
| 19:09 | Build | Farm |
| 19:19 | Create | Battering Ram |
| 19:26 | Build | Barracks |
| 19:39 | Create | Villager (Male) |
| 19:39 | Create | Villager (Male) |
| 19:43 | Create | Villager (Male) |
| 19:51 | Build | Farm |
| 20:12 | Build | Town Center |
| 20:26 | Build | Farm |
| 20:40 | Build | Stone Wall |
| 20:45 | Build | Gate |
| 20:59 | Build | Watch Tower |
| 21:04 | Create | Spearman |
| 21:04 | Create | Spearman |
| 21:14 | Build | Farm |
| 21:17 | Create | Villager (Male) |
| 21:21 | Create | Villager (Male) |
| 21:21 | Create | Villager (Male) |
| 21:21 | Create | Villager (Male) |
| 22:01 | Build | Farm |
| 22:04 | Create | Villager (Male) |
| 22:12 | Build | Mining Camp |
| 22:53 | Create | Mangonel |
| 23:05 | Build | Farm |
| 23:08 | Create | Villager (Male) |
| 23:08 | Create | Villager (Male) |
| 23:12 | Create | Villager (Male) |
| 23:12 | Create | Villager (Male) |
| 23:21 | Build | Farm |
| 23:22 | Build | Farm |
| 23:23 | Build | Farm |
| 23:46 | Build | Farm |
| 23:50 | Create | Villager (Male) |
| 23:50 | Create | Villager (Male) |
| 24:11 | Build | Monastery |
| 24:31 | Create | Villager (Male) |
| 24:35 | Create | Villager (Male) |
| 24:35 | Create | Villager (Male) |
| 24:35 | Create | Villager (Male) |
| 25:06 | Create | Monk |
| 25:17 | Build | Stable |
| 25:22 | Create | Villager (Male) |
| 25:22 | Create | Villager (Male) |
| 25:33 | Build | Farm |
| 25:38 | Create | Villager (Male) |
| 25:39 | Create | Villager (Male) |
| 25:47 | Build | Farm |
| 25:52 | Create | Villager (Male) |
| 26:28 | Build | Stone Wall |
| 26:31 | Build | Gate |
| 26:37 | Build | Farm |
| 26:42 | Build | Farm |
| 26:45 | Create | Villager (Male) |
| 27:28 | Create | Mangonel |
| 27:35 | Build | Farm |
| 27:48 | Create | Spearman |
| 27:48 | Create | Spearman |
| 27:54 | Create | Villager (Male) |
| 28:04 | Build | University |
| 28:21 | Create | Villager (Male) |
| 28:26 | Build | Farm |
| 29:05 | Build | Stone Wall |
| 29:11 | Build | Gate |
| 29:16 | Research | Imperial Age |
| 29:17 | Research | Imperial Age |
| 29:17 | Research | Imperial Age |
| 29:32 | Build | Farm |
| 29:56 | Research | Horse Collar |
| 29:59 | Research | Double-Bit Axe |
| 30:10 | Build | Castle |
| 30:17 | Create | Villager (Male) |
| 30:17 | Create | Villager (Male) |
| 30:24 | Create | Villager (Male) |
| 30:24 | Create | Villager (Male) |
| 30:24 | Create | Villager (Male) |
| 30:44 | Build | Farm |
| 30:52 | Build | Farm |
| 30:58 | Build | Farm |
| 31:05 | Build | Farm |
| 31:13 | Build | Farm |
| 31:36 | Build | Stable |
| 31:37 | Build | Stable |
| 31:46 | Build | Stable |
| 31:47 | Build | Stable |
| 31:50 | Build | Stable |
| 31:54 | Create | Tarkan |
Match timeline
| 1:08 | cbbbbl · wall_segment Palisade Wall x10 |
| 1:19 | 90_Archer · wall_segment Palisade Wall x9 |
| 2:29 | Jeff · wall_segment Palisade Wall x4 |
| 2:45 | Jeff · wall_segment Palisade Wall x4 |
| 2:46 | 90_Archer · wall_segment Palisade Wall x9 |
| 2:56 | 90_Archer · wall_segment Palisade Wall x1 |
| 3:07 | Jeff · wall_segment Palisade Wall x2 |
| 3:34 | 杨哥 · wall_segment Palisade Wall x13 |
| 4:53 | Jeff · wall_segment Palisade Wall x13 |
| 7:17 | 杨哥 · wall_segment Palisade Wall x13 |
| 11:16 | 木子李 · age_up feudal |
| 11:27 | 蔡徐坤 · age_up feudal |
| 11:31 | FCCCCCCK · age_up feudal |
| 11:38 | Jeff · age_up feudal |
| 11:43 | cbbbbl · age_up feudal |
| 12:21 | 杨哥 · age_up feudal |
| 12:24 | 蔡徐坤 · first_market_sell 100 wood |
| 12:31 | FCCCCCCK · first_market_sell 100 food |
| 12:41 | Ancerly · age_up feudal |
| 12:59 | Ancerly · wall_segment Stone Wall x15 |
| 13:20 | cbbbbl · wall_segment Stone Wall x1 |
| 13:35 | 90_Archer · age_up feudal |
| 13:43 | 90_Archer · wall_segment Stone Wall x7 |
| 13:49 | 90_Archer · wall_segment Stone Wall x1 |
| 14:06 | cbbbbl · wall_segment Stone Wall x1 |
| 14:19 | cbbbbl · wall_segment Stone Wall x1 |
| 14:31 | 木子李 · wall_segment Stone Wall x14 |
| 14:32 | cbbbbl · wall_segment Stone Wall x1 |
| 14:51 | cbbbbl · wall_segment Stone Wall x1 |
| 15:04 | 蔡徐坤 · age_up castle |
| 15:08 | cbbbbl · wall_segment Stone Wall x1 |
| 15:10 | cbbbbl · wall_segment Stone Wall x1 |
| 15:12 | FCCCCCCK · age_up castle |
| 15:23 | FCCCCCCK · first_building Monastery |
| 15:23 | cbbbbl · age_up castle |
| 16:06 | 90_Archer · wall_segment Stone Wall x4 |
| 16:14 | Jeff · wall_segment Stone Wall x12 |
| 16:14 | cbbbbl · wall_segment Stone Wall x3 |
| 16:16 | cbbbbl · wall_segment Stone Wall x1 |
| 16:17 | cbbbbl · wall_segment Stone Wall x1 |
| 16:19 | Jeff · first_market_sell 100 wood |
| 16:36 | 木子李 · age_up castle |
| 17:08 | Jeff · wall_segment Stone Wall x3 |
| 17:27 | Jeff · wall_segment Stone Wall x1 |
| 17:31 | Jeff · wall_segment Stone Wall x2 |
| 17:52 | 90_Archer · age_up castle |
| 18:00 | Ancerly · age_up castle |
| 18:16 | 木子李 · first_building Siege Workshop |
| 19:05 | Jeff · age_up castle |
| 19:26 | 木子李 · first_building Barracks |
| 20:24 | Jeff · first_building Siege Workshop |
| 20:31 | FCCCCCCK · first_building Siege Workshop |
| 20:40 | 木子李 · wall_segment Stone Wall x15 |
| 21:09 | 90_Archer · first_building Siege Workshop |
| 21:24 | Jeff · first_building Monastery |
| 21:37 | 杨哥 · first_building Barracks |
| 21:43 | 蔡徐坤 · first_building Monastery |
| 22:19 | Jeff · first_building Barracks |
| 22:24 | 杨哥 · first_building Archery Range |
| 22:39 | 杨哥 · age_up castle |
| 22:42 | FCCCCCCK · first_building Barracks |
| 22:55 | cbbbbl · first_building Castle |
| 23:17 | 90_Archer · wall_segment Stone Wall x3 |
| 23:18 | Ancerly · first_building Monastery |
| 23:29 | Jeff · first_building Archery Range |
| 24:11 | 木子李 · first_building Monastery |
| 24:29 | cbbbbl · wall_segment Stone Wall x4 |
| 24:34 | cbbbbl · wall_segment Stone Wall x6 |
| 25:14 | Ancerly · first_building Castle |
| 25:17 | 木子李 · first_building Stable |
| 25:53 | cbbbbl · first_building Siege Workshop |
| 26:28 | 木子李 · wall_segment Stone Wall x11 |
| 26:33 | 杨哥 · first_building Castle |
| 26:41 | Jeff · age_up imperial |
| 27:36 | Ancerly · first_building Barracks |
| 28:23 | 杨哥 · first_building Monastery |
| 28:27 | Ancerly · first_building Stable |
| 29:05 | 木子李 · wall_segment Stone Wall x11 |
| 29:07 | cbbbbl · first_building Barracks |
| 29:20 | FCCCCCCK · first_building Castle |
| 29:54 | cbbbbl · age_up imperial |
| 30:10 | 木子李 · first_building Castle |
| 30:27 | 90_Archer · wall_segment Stone Wall x2 |
| 30:27 | 蔡徐坤 · first_building Castle |
| 30:47 | cbbbbl · first_building Archery Range |
| 31:04 | 蔡徐坤 · first_building Barracks |
| 31:25 | 蔡徐坤 · first_building Siege Workshop |
| 31:34 | 杨哥 · first_building Siege Workshop |
| 32:26 | 木子李 · age_up imperial |
| 32:28 | cbbbbl · first_market_buy 100 stone |
| 32:40 | 蔡徐坤 · age_up imperial |
| 33:36 | cbbbbl · first_building Stable |
| 34:19 | FCCCCCCK · age_up imperial |
| 35:11 | 90_Archer · first_building Castle |
| 37:14 | 杨哥 · age_up imperial |
| 37:42 | Ancerly · first_market_sell 500 wood |
| 39:39 | 90_Archer · first_building Stable |
| 39:44 | 90_Archer · first_building Archery Range |
| 39:54 | 90_Archer · first_building Monastery |
| 41:10 | FCCCCCCK · first_building Stable |
| 41:43 | 杨哥 · resign |
| 43:26 | 90_Archer · age_up imperial |
[ AI ANALYSIS · 1 CREDIT ]
What really happened in this match?
Wolo.gg analyzes every decision: build order, eco, micro, common mistakes by bracket. Personalized analysis on WhatsApp or Discord in 30 seconds.
Civ guide
Bohemians
Map guide
Black Forest
Perfil
蔡徐坤